 Dungeon Crawl Stone Soup version 0.21-a0-203-gb066a6e (webtiles) character file.

102 Espgualade the Skirmisher (level 4, -3/29 HPs)
             Began as a Tengu Ice Elementalist on Aug 19, 2017.
             Was an Initiate of Vehumet.
             Slain by a bullfrog skeleton (5 damage)
             ... on level 2 of the Dungeon.
             The game lasted 00:05:34 (2342 turns).

Espgualade the Skirmisher (Tengu Ice Elementalist)  Turns: 2342, Time: 00:05:35

Health: -3/29      AC:  3    Str:  8    XL:     4   Next: 78%
Magic:  8/8        EV:  9    Int: 17    God:    Vehumet [......]
Gold:   178        SH:  0    Dex: 14    Spells: 6/7 levels left

rFire    . . .     SeeInvis .   e - +0 dagger
rCold    . . .     Gourm    .   (no shield)
rNeg     . . .     Faith    .   a - +1 robe
rPois    .         Spirit   .   (helmet restricted)
rElec    .         Reflect  .   (no cloak)
rCorr    .         Harm     .   (no gloves)
MR       .....                  (boots unavailable)
Stlth    ++........             (no amulet)
HPRegen  0.09/turn              r - -3 ring of evasion (curse)
MPRegen  0.11/turn              (no ring)

@: no status effects
A: beak, talons 3
a: Renounce Religion


You were on level 2 of the Dungeon.
You worshipped Vehumet.
Vehumet was noncommittal.
You were hungry.

You visited 1 branch of the dungeon, and saw 2 of its levels.

You collected 178 gold pieces.

Inventory:

Hand Weapons
 e - a +0 dagger (weapon)
Armour
 a - a +1 robe (worn)
Jewellery
 r - a cursed -3 ring of evasion (left hand)
Scrolls
 o - a scroll of enchant armour
 q - 2 scrolls of teleportation
Potions
 g - a potion of brilliance
 i - a potion of curing {unknown}
 j - a potion of ambrosia {unknown}
 l - a potion of might {unknown}
 m - a potion of heal wounds {unknown}
 n - 2 potions of magic {unknown}
Books
 b - a book of Frost

   Spells                             Type                      Level
   a - Freeze                         Ice                          1
   b - Throw Frost                    Conjuration/Ice              2
   c - Ozocubu's Armour               Charms/Ice                   3
   d - Throw Icicle                   Conjuration/Ice              4
   e - Summon Ice Beast               Ice/Summoning                4
Comestibles
 c - 3 bread rations
 d - 2 royal jellies
 f - 4 fruits
 h - 2 meat rations


   Skills:
 + Level 4.2 Fighting
 - Level 2.1 Dodging
 - Level 2.0 Stealth
 - Level 2.0 Spellcasting
   Level 1.3 Conjurations
 - Level 2.6 Ice Magic


You had 6 spell levels left.
You knew the following spells:

 Your Spells              Type           Power        Failure   Level  Hunger
a - Freeze                Ice            ##..         6%          1    #......


Dungeon Overview and Level Annotations

Branches:
Dungeon (2/15)

Altars:
Ashenzari
Fedhas
Hepliaklqana
Qazlal
Ru
Vehumet
Xom
Yredelemnul


Innate Abilities, Weirdness & Mutations

You have a beak for a mouth.
You have claws for feet.


Message History

The bullfrog skeleton is lightly damaged.
The bullfrog skeleton hits you.
You hit the bullfrog skeleton. You claw the bullfrog skeleton.
You peck the bullfrog skeleton.
The bullfrog skeleton is heavily damaged.
The bullfrog skeleton hits you.
You barely miss the bullfrog skeleton. You claw the bullfrog skeleton.
The bullfrog skeleton is heavily damaged.
The bullfrog skeleton hits you.
You hit the bullfrog skeleton. Your kick misses the bullfrog skeleton.
The bullfrog skeleton is heavily damaged.
The bullfrog skeleton hits you!
* * * LOW HITPOINT WARNING * * *
The bullfrog skeleton hits you.
* * * LOW HITPOINT WARNING * * *
Okay, then.
The bullfrog skeleton hits you but does no damage.
You are feeling hungry.
The bullfrog skeleton hits you.
You die...

##........# ###...#####.#
#.....#...... ##.....#...#..
###...##.#...### #.....#⌠.#.+##.⌠
#### #############..(..#.........
...###..............#####.....).#
##.##..##......Z@...#)..#.......#
.....#.##.#######.#.+...+..._...+
##.##.......# #.#.#...........#
##.###.#....#####.#.#.#.........#
##.....................#.........
....##..###.#####.#....#⌠.##+##.⌠
.#...#..# #.......#.##.####...#.#
...#..#.###.##########....#......
..###.......# ≈^.##.....#...#..


You could see a bullfrog skeleton.

Vanquished Creatures
  A howler monkey zombie (D:2)
  2 adders (D:2)
  An ooze (D:1)
  A worm (D:2)
  2 dart slugs
  2 leopard geckos
  6 bats
  A bat skeleton (D:2)
  5 giant cockroaches
  3 goblins (D:2)
  6 hobgoblins
  4 jackals (D:1)
  2 quokkas (D:2)
  2 ball pythons (D:1)
  8 frilled lizards
  A giant cockroach zombie (D:2)
  7 kobolds
  4 rats
58 creatures vanquished.

Notes
Turn   | Place    | Note
-------+----------+-------------------------------------------
     0 | D:1      | Espgualade the Tengu Ice Elementalist began the quest for the Orb.
     0 | D:1      | Reached XP level 1. HP: 10/10 MP: 4/4
    55 | D:1      | Reached skill level 1 in Fighting
   369 | D:1      | Reached XP level 2. HP: 16/16 MP: 1/6
   450 | D:1      | Reached skill level 2 in Fighting
  1006 | D:1      | Reached XP level 3. HP: 21/22 MP: 7/7
  1206 | D:1      | Reached skill level 3 in Fighting
  1286 | D:2      | Found a stormy altar of Qazlal.
  1286 | D:2      | Found a radiant altar of Vehumet.
  1292 | D:2      | Found a sacrificial altar of Ru.
  1295 | D:2      | Became a worshipper of Vehumet
  1298 | D:2      | Found a basalt altar of Yredelemnul.
  1300 | D:2      | Found a blossoming altar of Fedhas.
  1606 | D:2      | Found a shimmering altar of Xom.
  1680 | D:2      | Reached XP level 4. HP: 18/28 MP: 8/8
  1955 | D:2      | Reached skill level 4 in Fighting
  1970 | D:2      | Found a hazy altar of Hepliaklqana.
  2249 | D:2      | Found a shattered altar of Ashenzari.
  2336 | D:2      | HP: 1/29 [bullfrog skeleton (3)]
  2342 | D:2      | Slain by a bullfrog skeleton

Vault maps used:
D:1:      dpeg_arrival_rhombi
D:2:      overflow_temple_1_default, tgw_xom,
          chequers_temple_overflow_minitemple, serial_undead, serial_undead_a,
          serial_undead_f, serial_undead_e, serial_undead_c, first_bread,
          corexii_item_surrounded_by_moat, evilmike_ruin_ashenzari

Skill      XL: |  1  2  3  4 |
---------------+-------------+-----
Fighting       | 1 2 3 4 |  4.2
Dodging        | |  2.1
Stealth        | |  2.0
Spellcasting   | |  2.0
Conjurations   | |  1.3
Ice Magic      | |  2.6

Action                   |  1- 3 |  4- 6 || total
-------------------------+-------+-------++-------
Melee: Unarmed           |    15 |       ||    15
       Kick              |    19 |    12 ||    31
       Peck              |    10 |     8 ||    18
       Dagger            |    69 |    49 ||   118
 Cast: Freeze            |    35 |    16 ||    51
  Use: Scroll            |     3 |     2 ||     5
 Stab: Sleeping          |     4 |       ||     4
       Distracted        |     1 |       ||     1
  Eat: Chunk             |     3 |     2 ||     5
Armor: Robe              |    20 |    13 ||    33
Dodge: Dodged            |    72 |    34 ||   106
